AoeStats
← FinalDiamond01

Arabia

507964605Analyzed
2v2 RM · 11d ago on Sep 20, 2026· 33m 28s· 4 players
Game mode
Random Map
Map size
Medium (4 player)
Population
200
Speed
Normal
Resources
Standard
Victory
Conquest
Starting age
Dark Age
Ending age
Imperial Age
RankedLock teamsTeams togetherTeam positionsShared explorationLock speedFull tech treeHidden civsTurbo modeCheats
Victory
Defeat
🇩🇪 Goths · Germany
834
+15
🇫🇷 Huns · France
781
+14
🇨🇳 Slavs · China
793
-39
🇺🇸 Spanish · United States
696
-20
simon.chauvet8
2:51 Loom
17:32 Feudal Age
18:21 Gold Mining
18:20 Double-Bit Axe
18:28 Stone Mining
23:52 Castle Age
26:13 Gold Shaft Mining
27:48 Husbandry
29:37 Ballistics
29:05 Town Watch
31:04 Town Patrol
31:40 Wheelbarrow
31:26 Bow Saw
32:11 Murder Holes
33:07 Horse Collar
gordon-herdecke
1:08 Loom
10:27 Feudal Age
12:40 Wheelbarrow
12:23 Man-at-Arms
13:18 Double-Bit Axe
22:58 Castle Age
21:37 Horse Collar
21:56 Gold Mining
24:13 Hand Cart
24:09 Bow Saw
24:10 Heavy Plow
24:23 Long Swordsman
25:15 Scale Mail Armor
25:25 Forging
25:33 Forging
27:25 Squires
32:36 Stone Mining
1175523390
12:18 Feudal Age
23:22 Castle Age
22:09 Horse Collar
22:36 Double-Bit Axe
25:03 Wheelbarrow
33:17 Bow Saw
FinalDiamond01
12:03 Feudal Age
10:20 Loom
19:18 Castle Age
17:32 Horse Collar
18:06 Double-Bit Axe
20:21 Wheelbarrow
20:21 Heavy Plow
22:53 Bow Saw
22:36 Gold Mining
22:37 Stone Mining
24:27 Stone Shaft Mining
27:00 Scale Barding Armor
27:06 Forging
28:31 Husbandry
30:58 Iron Casting
30:44 Chain Barding Armor
31:22 Bloodlines
Connection lost

Rejoining the realm…

Still unreachable

The connection could not be restored.

Session expired

The server has moved on; the page needs a fresh start.